 Dungeon Crawl Stone Soup version 0.20.1-1-g8b1a95d (webtiles) character file.

42 juanjsm the Sneak (level 3, -12/17 HPs)
             Began as a Spriggan Enchanter on Aug 3, 2017.
             Mangled by a gnoll
             ... wielding a +0 whip of electrocution
              (13 damage)
             ... on level 2 of the Dungeon.
             The game lasted 00:05:29 (1342 turns).

juanjsm the Sneak (Spriggan Enchanter)              Turns: 1342, Time: 00:05:31

Health: -12/17     AC:  2    Str:  4    XL:     3   Next: 33%
Magic:  1/8        EV: 19    Int: 17    God:
Gold:   115        SH:  0    Dex: 16    Spells: 2/8 levels left

rFire    . . .     SeeInvis +   p - +0 dagger (holy)
rCold    . . .     Gourm    .   (shield restricted)
rNeg     . . .     Faith    .   b - +0 robe
rPois    .         Spirit   .   (helmet restricted)
rElec    .         Reflect  .   (no cloak)
rCorr    .         Harm     .   (gloves unavailable)
MR       .....                  (boots unavailable)
Stlth    +++.......             (no amulet)
Regen    0.1/turn               (no ring)
MPRegen  0.2/turn               (no ring)

@: very quick
A: unfitting armour, see invisible, herbivore 3, speed 3, slow metabolism 2
a: no special abilities


You were on level 2 of the Dungeon.
You were not hungry.

You visited 1 branch of the dungeon, and saw 2 of its levels.

You collected 115 gold pieces.

Inventory:

Hand Weapons
 a - a +1 dagger
 g - a +3 mace
 p - a +0 dagger of holy wrath (weapon)
Armour
 b - a +0 robe (worn)
 o - a +0 buckler
Scrolls
 e - 2 scrolls of remove curse {unknown}
 f - 2 scrolls of fog {unknown}
 h - a scroll of identify {unknown}
 j - a scroll of enchant weapon {unknown}
 l - a scroll of enchant armour {unknown}
 m - a scroll of teleportation {unknown}
Potions
 i - a potion of flight {unknown}
 n - a potion of mutation {unknown}
Books
 c - a book of Maledictions

   Spells                             Type                      Level
   a - Corona                         Hexes                        1
   b - Ensorcelled Hibernation        Hexes/Ice                    2
   c - Confuse                        Hexes                        3
   d - Tukima's Dance                 Hexes                        3
   e - Dazzling Spray                 Conjuration/Hexes            3
Comestibles
 d - 2 bread rations
 k - a royal jelly


   Skills:
 + Level 0.8 Fighting
 + Level 1.4 Short Blades
 + Level 3.6 Dodging
 + Level 4.8 Stealth
 + Level 0.0 Shields
 + Level 3.1 Spellcasting
 + Level 4.0 Hexes


You had 2 spell levels left.
You knew the following spells:

 Your Spells              Type           Power        Failure   Level  Hunger
a - Corona                Hex            ###....      3%          1    None
b - Ensorcelled Hibernat  Hex/Ice        #.....       12%         2    ##.....
c - Confuse               Hex            ###.....     10%         3    ###....


Dungeon Overview and Level Annotations

Branches:
Dungeon (2/15)

Altars:


Innate Abilities, Weirdness & Mutations

You are very small and have problems with some larger weapons.
You are too small for most types of armour.
You have supernaturally acute eyesight. (SInv)
You are a herbivore.
You cover ground extremely quickly.
You need consume almost no food.


Message History

You hit the gnoll.
The gnoll is lightly wounded.
The gnoll completely misses you.
You barely miss the gnoll.
The gnoll is lightly wounded.
You hit the gnoll but do no damage.
The gnoll is lightly wounded.
The gnoll closely misses you.
You barely miss the gnoll. The gnoll barely misses you.
You hit the gnoll.
The gnoll is lightly wounded.
The gnoll closely misses you.
You hit the gnoll.
The gnoll is moderately wounded.
The gnoll stops glowing.
The gnoll hits you with a whip of electrocution.
* * * LOW HITPOINT WARNING * * *
You are electrocuted!
Ouch! That really hurt!
You die...

........Kg....#
...##########g# ##.#
#.# ###########
##.###### #.#
#..<.......
†.......# #.#
#.#########
##.####.# #.# #.#
#.# #.# #.# ##.##
#.# #.# ##g###...#
#.####.####.gKg@...#
#............###...#
######......## #####
########


You could see 3 gnolls and a kobold.

Vanquished Creatures
  A leopard gecko (D:1)
  4 bats (D:1)
  A giant cockroach (D:1)
  3 goblins
  6 hobgoblins
  11 jackals
  2 kobolds (D:1)
  A frilled lizard (D:1)
  6 rats (D:1)
35 creatures vanquished.

Notes
Turn   | Place    | Note
-------+----------+-------------------------------------------
     0 | D:1      | juanjsm the Spriggan Enchanter began the quest for the Orb.
     0 | D:1      | Reached XP level 1. HP: 9/9 MP: 5/5
   118 | D:1      | Reached XP level 2. HP: 8/13 MP: 4/6
   122 | D:1      | Learned a level 2 spell: Ensorcelled Hibernation
   936 | D:1      | Reached XP level 3. HP: 17/17 MP: 3/8
  1092 | D:1      | Learned a level 3 spell: Confuse
  1342 | D:2      | Mangled by a gnoll

Skill      XL: |  1  2  3 |
---------------+----------+-----
Spellcasting   | 3 |  3.1
Hexes          | 4 |  4.0
Fighting       | |  0.8
Short Blades   | |  1.4
Dodging        | |  3.6
Stealth        | |  4.8

Action                   || total
-------------------------++-------
Melee: Dagger            ||   122
 Cast: Corona            ||     8
       Ensorcelled Hiber ||    28
 Stab: Sleeping          ||    24
Armor: Robe              ||     7
Dodge: Dodged            ||   106
